 Dungeon Crawl Stone Soup version 0.23.2 (webtiles) character file.

Game seed: 1503992160668701716

35 esteth the Magician (level 3, -3/25 HPs)
             Began as a Gnoll Wizard on Apr 13, 2019.
             Slain by Sigmund
             ... wielding a +0 scythe
              (5 damage)
             ... on level 2 of the Dungeon.
             The game lasted 00:04:09 (1244 turns).

esteth the Magician (Gnoll Wizard)                  Turns: 1244, Time: 00:04:10

Health: -3/25      AC:  4    Str:  9    XL:     3   Next: 35%
Magic:  8/11       EV: 14    Int: 21    God:
Gold:   105        SH:  0    Dex: 13    Spells: 5/16 levels left

rFire    . . .     SeeInvis .   o - +2 dagger (chaos)
rCold    . . .     Gourm    .   (no shield)
rNeg     . . .     Faith    .   a - +0 robe
rPois    .         Spirit   .   b - +0 hat
rElec    .         Reflect  .   (no cloak)
rCorr    .         Harm     .   k - +0 pair of gloves
MR       .....                  l - +0 pair of boots
Stlth    +++.......             (no amulet)
HPRegen  0.08/turn              (no ring)
MPRegen  0.12/turn              (no ring)

@: no status effects
A: distributed training, fangs 1, strong nose
a: no special abilities


You were on level 2 of the Dungeon.
You were not hungry.

You visited 1 branch of the dungeon, and saw 2 of its levels.

You collected 105 gold pieces.

Inventory:

Hand Weapons
 g - a +0 spear
 h - a +2 dagger of flaming
 o - a +2 dagger of chaos (weapon)
Armour
 a - a +0 robe (worn)
 b - a +0 hat (worn)
 k - a +0 pair of gloves (worn)
 l - a +0 pair of boots (worn)
Scrolls
 e - 2 scrolls of fear {unknown}
 i - a scroll of enchant weapon {unknown}
 n - a scroll of blinking {unknown}
Potions
 c - a potion of invisibility {unknown}
 j - a potion of curing
 m - a potion of berserk rage {unknown}
 p - a potion of haste {unknown}
Comestibles
 d - 2 rations


   Skills:
 + Level 0.7 Fighting
 + Level 0.7 Short Blades
 + Level 0.7 Long Blades
 + Level 0.7 Axes
 + Level 0.7 Maces & Flails
 + Level 0.7 Polearms
 + Level 0.7 Staves
 + Level 0.7 Slings
 + Level 0.7 Bows
 + Level 0.7 Crossbows
 + Level 0.7 Throwing
 + Level 0.7 Armour
 + Level 4.5 Dodging
 + Level 4.1 Stealth
 + Level 0.7 Shields
 + Level 0.7 Unarmed Combat
 + Level 7.1 Spellcasting
 + Level 2.1 Conjurations
 + Level 0.5 Hexes
 + Level 0.5 Charms
 + Level 2.1 Summonings
 + Level 0.5 Necromancy
 + Level 2.1 Translocations
 + Level 0.5 Transmutations
 + Level 0.5 Fire Magic
 + Level 0.5 Ice Magic
 + Level 0.5 Air Magic
 + Level 0.5 Earth Magic
 + Level 0.5 Poison Magic
 + Level 0.9 Invocations
 + Level 0.7 Evocations


You had 5 spell levels left.
You knew the following spells:

 Your Spells              Type           Power        Failure   Level  Hunger
a - Magic Dart            Conj           ###.         3%          1    None
b - Blink                 Tloc           N/A          5%          2    None
c - Call Imp              Summ           ###.....     5%          2    None
d - Conjure Flame         Conj/Fire      ##......     16%         3    None
e - Mephitic Cloud        Conj/Pois/Air  ##......     17%         3    None

Your spell library contained the following spells:

 Spells                   Type           Power        Failure   Level  Hunger
 Slow                     Hex            #.......     11%         2    None


Dungeon Overview and Level Annotations

Branches:
Dungeon (2/15)

Altars:
Xom

Annotations:
D:2 Sigmund


Innate Abilities, Weirdness & Mutations

Your experience applies equally to all skills.
You have very sharp teeth.
Your uncanny sense of smell can sniff out nearby items.


Message History

Really walk into that cloud of noxious fumes? [Y]es or [N]o only, please.
Really walk into that cloud of noxious fumes?
Okay, then.
Something barely misses you. Something closely misses you.
You hit something. You freeze something. You barely miss something.
Something barely misses you.
You hit something. Something hits you!
You closely miss something. You closely miss something. Something hits you!
You hit something but do no damage. You bite something. You hit something.
Something hits you.
* * * LOW HITPOINT WARNING * * *
It was a potion of curing.
You feel better. Something hits you!
Ouch! That really hurt!
* * * LOW HITPOINT WARNING * * *
You hit something.
Nothing appears to happen.
You barely miss something. Something hits you.
You die...

.......<...............∆
...####..##......###### ∆
.#......###.....##
.######..##.#...###
≈#≈#.###..........# #.
..##...##......##.### #.#######
≈.⌠.##.≈##..........## #.#......
≈##.##..##.....#.##..####........
.^.##≈#.⌠#......@{...............
^⌠....≈#⌠#.....####..............
.#⌠##.#≈##.....##................
≈≈###≈≈≈##....<...#..............
.≈..≈#.##......##.#..............
≈≈#≈####.......##....###......w..
#######........#####.###..#.....#
..................##......###....
....#........................[...


There were no monsters in sight!

Vanquished Creatures
  An ooze (D:2)
  A dart slug (D:2)
  2 orcs (D:2)
  A ball python (D:2)
  5 bats
  A giant cockroach (D:2)
  4 goblins (D:1)
  2 hobgoblins (D:1)
  2 jackals (D:1)
  3 frilled lizards
  A kobold (D:1)
  2 rats (D:1)
25 creatures vanquished.

Notes
Turn   | Place    | Note
-------+----------+-------------------------------------------
     0 | D:1      | esteth the Gnoll Wizard began the quest for the Orb.
     0 | D:1      | Reached XP level 1. HP: 13/13 MP: 8/8
   204 | D:1      | Reached XP level 2. HP: 14/19 MP: 10/10
   695 | D:2      | Reached XP level 3. HP: 25/25 MP: 9/11
   708 | D:2      | Learned a level 2 spell: Blink
   711 | D:2      | Learned a level 2 spell: Call Imp
   715 | D:2      | Learned a level 3 spell: Conjure Flame
   719 | D:2      | Learned a level 3 spell: Mephitic Cloud
   835 | D:2      | Found a shimmering altar of Xom.
   934 | D:2      | Noticed Sigmund
  1244 | D:2      | Slain by Sigmund

Skill      XL: |  1 |
---------------+----+-----
Conjurations   | 2 |  2.1
Summonings     | 2 |  2.1
Translocations | 2 |  2.1
Fighting       | |  0.7
Short Blades   | |  0.7
Long Blades    | |  0.7
Axes           | |  0.7
Maces & Flails | |  0.7
Polearms       | |  0.7
Staves         | |  0.7
Slings         | |  0.7
Bows           | |  0.7
Crossbows      | |  0.7
Throwing       | |  0.7
Armour         | |  0.7
Dodging        | |  4.5
Stealth        | |  4.1
Shields        | |  0.7
Unarmed Combat | |  0.7
Spellcasting   | |  7.1
Hexes          | |  0.5
Charms         | |  0.5
Necromancy     | |  0.5
Transmutations | |  0.5
Fire Magic     | |  0.5
Ice Magic      | |  0.5
Air Magic      | |  0.5
Earth Magic    | |  0.5
Poison Magic   | |  0.5
Invocations    | |  0.9
Evocations     | |  0.7

Action                   || total
-------------------------++-------
Melee: Spear             ||     7
       Bite              ||     2
       Dagger            ||    42
 Cast: Magic Dart        ||    31
       Mephitic Cloud    ||     1
  Use: Potion            ||     1
 Stab: Sleeping          ||     2
  Eat: Chunk             ||     1
Armor: Robe              ||     8
Dodge: Dodged            ||    39
